[Event "GER-ch Youth-U12 2022"]
[Site "Willingen"]
[Date "2022.06.06"]
[Round "3.27"]
[White "Gavrylyuk, Oleksandr"]
[Black "Wang, Arthur D"]
[Result "0-1"]
[ECO "C63"]
[WhiteElo "1272"]
[BlackElo "2090"]
[Annotator "TA"]
[PlyCount "70"]
[EventDate "2022.06.05"]
[EventType "swiss"]
[EventRounds "9"]
[EventCountry "GER"]
[SourceTitle "playchess.com"]
[Source "ChessBase"]
[SourceQuality "1"]
[TimeControl "40/4500+30:900+30"]

1. e4 e5 2. Nf3 Nc6 3. Bb5 f5 4. d3 fxe4 5. dxe4 d6 6. Nc3 Nf6 7. Bc4 {[%emt 0:00:00] C63: Ruy Lopez: Schliemann/Jaenisch Defence.} h6 {[%emt 0:00:00] Prevents Ng5.} 8. h3 Na5 {[%emt 0:00:00] [#]} 9. Bb3 $146 {[%emt 0:00:00] White has an edge.} ({Predecessor:} 9. Be2 Be6 10. O-O a6 11. Nh4 Bf7 12. Nf5 g6 13. Ne3 Nc6 14. f4 Bg7 15. Nc4 {1-0 (29) Rohde,T (2144)-Meyer,G (2021) Dortmund 2003}) 9... Nxb3 10. axb3 Be7 11. Be3 (11. Nh4) (11. Nh4 $5 ) 11... a6 12. O-O (12. Nh4 $5 ) 12... O-O 13. Re1 Bd7 (13... Be6 $17) 14. Nd5 Bc6 (14... Nxe4 15. Nxe7+ Qxe7 16. Qd5+ Qe6 17. Qxe4 $16) 15. Bc1 Bxd5 (15... Nxd5 $15 16. exd5 Bd7) 16. exd5 $11 c6 (16... Qe8 $11) 17. dxc6 $14 bxc6 18. b4 Qb6 (18... a5) (18... a5 $11) 19. c3 Nd5 20. Bd2 Bh4 21. Be3 (21. Qe2 $14 Be7 22. Ra5) 21... Nxe3 $11 22. Rxe3 Bxf2+ 23. Kxf2 e4 $1 {[%emt 0:00:14][%mdl 64] [#] Pin} 24. Qxd6 $1 {[%emt 0:03:41] Threatens to win with Qe6+.} exf3 25. gxf3 Rad8 ({Don't play} 25... Rae8 26. Qd4 Qc7 27. Kg2 $14) 26. Qc5 Qc7 27. Rh1 {[%emt 0:02:34] Inhibits Qh2+.} ({White should play} 27. Qe5 $11 Rd2+ 28. Ke1) 27... Qf4 $1 $15 {[%emt 0:01:03] [#] Hoping for ...Rd2+.} 28. Qxc6 $2 {[%emt 0:04:03][%mdl 8192] Loses the game.} (28. Qe5 $15) 28... Rd2+ $19 29. Re2 Rd3 30. Qe6+ Kh8 31. Re3 Rd2+ 32. Ke1 Rfd8 {[%emt 0:00:45] ( -> ...Qh4+)} 33. Re2 Qg3+ {[%emt 0:00:18] Black mates.} 34. Kf1 Qxf3+ 35. Kg1 Rxe2 {[%emt 0:00:16] Weighted Error Value: White=0.80/Black=0.17 (very precise)} 0-1

[Event "GER-ch Youth-U12 2022"]
[Site "Willingen"]
[Date "2022.06.07"]
[Round "4.1"]
[White "Nechitailo, Nikita"]
[Black "Martin Fernandez, Rafael"]
[Result "1-0"]
[ECO "B22"]
[WhiteElo "1371"]
[BlackElo "1678"]
[Annotator "NA RC COMBH"]
[PlyCount "59"]
[EventDate "2022.06.05"]
[EventType "swiss"]
[EventRounds "9"]
[EventCountry "GER"]
[SourceTitle "playchess.com"]
[Source "ChessBase"]
[SourceQuality "1"]
[TimeControl "40/4500+30:900+30"]

1. e4 c5 2. d4 cxd4 3. c3 Nf6 4. e5 Nd5 5. Nf3 Nc6 6. cxd4 g6 7. Bc4 Nb6 8. Bb3 Bg7 9. O-O O-O 10. Re1 d5 11. h3 Na5 12. Nc3 Nac4 13. Bxc4 Nxc4 14. b3 Nb6 15. a4 a5 16. Ba3 Bf5 17. Qd2 Rc8 18. Nb5 Nd7 19. Rac1 Re8 20. Rxc8 Qxc8 21. Rc1 Qb8 22. Nc7 Rc8 23. Nxd5 Rxc1+ 24. Qxc1 e6 25. Bd6 Qa7 26. Qc8+ Nf8 27. Ne7+ Kh8 28. Nxf5 gxf5 29. Bxf8 h6 30. Bc5+ 1-0

[Event "GER-ch Youth-U12 2022"]
[Site "Willingen"]
[Date "2022.06.07"]
[Round "4.2"]
[White "Gloeckler, Christian"]
[Black "Riechenberg, Sebastian"]
[Result "1-0"]
[ECO "C96"]
[WhiteElo "1869"]
[BlackElo "1668"]
[Annotator "NA RC COMBH"]
[PlyCount "82"]
[EventDate "2022.06.05"]
[EventType "swiss"]
[EventRounds "9"]
[EventCountry "GER"]
[SourceTitle "playchess.com"]
[Source "ChessBase"]
[SourceQuality "1"]
[TimeControl "40/4500+30:900+30"]

1. e4 e5 2. Nf3 Nc6 3. Bb5 a6 4. Ba4 Nf6 5. O-O Be7 6. Re1 b5 7. Bb3 O-O 8. h3 d6 9. c3 Na5 10. Bc2 c5 11. d4 cxd4 12. cxd4 exd4 13. Nxd4 Qc7 14. Nc3 Re8 15. a3 Nc6 16. Nxc6 Qxc6 17. Bb3 Bf8 18. Re3 Be6 19. Nd5 Bxd5 20. exd5 Qb7 21. Qf3 a5 22. Bd2 Rxe3 23. Qxe3 Re8 24. Qd3 a4 25. Ba2 Nd7 26. Bb4 Ne5 27. Qe2 Qd7 28. Re1 Qf5 (28... Re7 $11) 29. Qxb5 Re7 30. Re3 ({Don't blunder} 30. Bxd6 $2 {[#]} Nf3+ $1 31. gxf3 Rxe1+ 32. Qf1 Rxf1+ $19) (30. Rf1 $18 Qd7 31. Qe2) 30... Rc7 31. Qf1 ({Stronger than} 31. Qxa4 Rc1+ 32. Re1 Rc2 $15) 31... g6 32. Bb1 Qh5 (32... Qc8 $16 33. Rc3 Nd7) 33. Rc3 Rd7 34. f4 Bh6 35. fxe5 Qxe5 36. Rc8+ Bf8 37. Bc3 Qe3+ 38. Kh2 f5 $18 39. Qf3 Qc1 40. Bxf5 Re7 41. Be6+ Rxe6 1-0

[Event "GER-ch Youth-U12 2022"]
[Site "Willingen"]
[Date "2022.06.07"]
[Round "4.3"]
[White "Herrmann, Arthur"]
[Black "Zhuikov, Edgard"]
[Result "1-0"]
[ECO "C63"]
[WhiteElo "1507"]
[BlackElo "1892"]
[Annotator "NA RC COMBH"]
[PlyCount "67"]
[EventDate "2022.06.05"]
[EventType "swiss"]
[EventRounds "9"]
[EventCountry "GER"]
[SourceTitle "playchess.com"]
[Source "ChessBase"]
[SourceQuality "1"]
[TimeControl "40/4500+30:900+30"]

1. e4 e5 2. Nf3 Nc6 3. Bb5 f5 4. d3 fxe4 5. dxe4 Nf6 6. O-O d6 7. Nc3 Be7 8. Bg5 O-O 9. Bxf6 Rxf6 10. Ng5 Qe8 11. Bc4+ Kh8 12. Nd5 Rf8 13. Nxc7 Qg6 14. Nf7+ Rxf7 15. Bxf7 Qxf7 16. Nxa8 Bf8 17. Qf3 Qxf3 18. gxf3 Bh3 19. Rfd1 Nd4 20. Rd3 Ne2+ 21. Kh1 Nf4 22. Rb3 b6 23. Nc7 Bd7 24. Nd5 Ne2 25. c3 Be8 26. Re1 Bh5 27. Kg2 Nf4+ 28. Nxf4 exf4 29. e5 d5 30. Rb5 Bf7 31. e6 Be8 32. Rxd5 Be7 33. Rd7 Bc5 34. Rd8 1-0

[Event "GER-ch Youth-U12 2022"]
[Site "Willingen"]
[Date "2022.06.07"]
[Round "4.4"]
[White "Malinowsky, Levi"]
[Black "Stichter, Constantin Paul"]
[Result "0-1"]
[ECO "C11"]
[WhiteElo "1816"]
[BlackElo "1472"]
[Annotator "NA RC COMBH"]
[PlyCount "124"]
[EventDate "2022.06.05"]
[EventType "swiss"]
[EventRounds "9"]
[EventCountry "GER"]
[SourceTitle "playchess.com"]
[Source "ChessBase"]
[SourceQuality "1"]
[TimeControl "40/4500+30:900+30"]

1. e4 e6 2. d4 d5 3. Nc3 Nf6 4. e5 Nfd7 5. f4 c5 6. Nf3 Nc6 7. Be3 a6 8. Qd2 b5 9. dxc5 Bxc5 10. Nd4 Bb7 11. O-O-O Qa5 12. Kb1 b4 13. Nce2 Qb6 14. Bf2 Na7 15. Nc1 Qc7 16. Nd3 a5 17. Nxc5 Nxc5 18. Bd3 Rc8 19. g4 Ne4 20. Qe2 O-O $11 21. h4 a4 22. Rh3 Qa5 (22... Rfd8 $11) 23. h5 b3 ({Black should play} 23... Nc6 $14) 24. Bxe4 bxa2+ 25. Ka1 dxe4 26. g5 (26. h6 $14 {might be stronger.} g6 27. Qd2 (27. Kxa2 Bd5+ 28. Ka1 Rc4 $11) 27... Qxd2 28. Rxd2) 26... Nc6 27. g6 h6 (27... hxg6 28. hxg6 fxg6 29. Qg4 (29. Qxe4 Nxd4 30. Qxg6 Nxc2+ 31. Kxa2 Qb5 $11) 29... Nxd4 30. Bxd4 $18) 28. gxf7+ {[%emt 0:00:50] Remove Defender} ({Reject} 28. Qxe4 Nxd4 29. gxf7+ (29. Qxb7 $2 Rc7 $19) 29... Rxf7 30. Qxd4 Rxc2 $17) 28... Rxf7 29. Nxe6 Nb4 $1 30. Bc5 Nd5 (30... Rxc5 $15 {stays ahead.} 31. Nxc5 Qxc5) 31. Qc4 Nxf4 32. Nxf4 Rxc5 33. Qe6 $2 (33. Qxa2 Rxe5 34. Ng6) 33... Rxe5 34. Rd8+ Qxd8 35. Qxe5 Re7 36. Qc3 Qd6 37. Ng6 Rc7 38. Qe1 Rxc2 39. Rf3 Rc8 40. Rc3 Rxc3 41. Qxc3 Qd1+ 42. Kxa2 Bd5+ 43. Ka3 Qb3+ 44. Qxb3 Bxb3 45. Kb4 Kf7 46. Kc3 Kf6 47. Kd4 Kg5 48. Ke3 Kxh5 49. Ne5 Kg5 50. Kf2 Kf5 51. Nc6 Kf4 52. Nd4 g5 53. Ne2+ Ke5 54. Ke3 h5 55. Ng3 h4 56. Nh1 g4 57. Nf2 Be6 58. Nxe4 g3 59. Nc5 h3 60. Kf3 h2 61. Nd3+ Kf5 62. Kxg3 h1=Q 0-1

[Event "GER-ch Youth-U12 2022"]
[Site "Willingen"]
[Date "2022.06.07"]
[Round "4.5"]
[White "Dordevic, Tom"]
[Black "Aniol, Nico"]
[Result "1-0"]
[ECO "A26"]
[WhiteElo "1771"]
[BlackElo "1494"]
[Annotator "NA RC COMBH"]
[PlyCount "155"]
[EventDate "2022.06.05"]
[EventType "swiss"]
[EventRounds "9"]
[EventCountry "GER"]
[SourceTitle "playchess.com"]
[Source "ChessBase"]
[SourceQuality "1"]
[TimeControl "40/4500+30:900+30"]

1. Nf3 Nf6 2. g3 g6 3. Bg2 Bg7 4. O-O O-O 5. c4 d6 6. Nc3 Nc6 7. d3 e5 8. Rb1 a5 9. a3 Re8 10. b4 axb4 11. axb4 e4 12. Nxe4 Nxe4 13. dxe4 Rxe4 14. b5 Nd4 15. Nxd4 Rxd4 16. Qc2 Bf5 17. e4 Be6 18. Rb4 c5 19. bxc6 bxc6 20. Bb2 c5 21. Bxd4 cxb4 22. Bxg7 Kxg7 23. Qb2+ Kg8 24. Qxb4 Rb8 25. Qa4 Qb6 26. h4 Qb4 27. Qxb4 Rxb4 28. Rd1 Rxc4 29. Rxd6 Rc1+ 30. Kh2 Rc2 31. f3 h5 32. Rd1 Bc4 33. Kg1 Kg7 34. Bf1 Bxf1 35. Rxf1 Re2 36. Rf2 Re1+ 37. Rf1 Re2 38. Rf2 Re1+ 39. Kg2 Ra1 40. Rb2 Ra7 41. Kf2 Ra3 42. Ke2 Kf6 43. Rd2 Ke6 44. Rd3 Ra2+ 45. Ke3 Ra6 46. Kf4 Kf6 47. Rb3 Ra7 48. Rb4 Re7 49. Rb6+ Kg7 50. Rd6 Ra7 51. g4 hxg4 52. Kxg4 Kh6 53. h5 Kg7 54. hxg6 fxg6 55. Kg5 Ra5+ 56. Rd5 Ra7 57. f4 Kf7 58. Rd6 Ra1 59. Rf6+ Ke7 60. Rxg6 Re1 61. Kf5 Ra1 62. e5 Ra5 63. Rg7+ Kf8 64. Kf6 Ra1 65. e6 Ra6 66. f5 Rb6 67. Ra7 Rb8 68. Rh7 Kg8 69. Rg7+ Kh8 70. Rd7 Rf8+ 71. Rf7 Rb8 72. e7 Rb6+ 73. Kg5 Rb8 74. Rf8+ Rxf8 75. exf8=Q+ Kh7 76. Qe7+ Kg8 77. Kg6 Kh8 78. Qf8# 1-0

[Event "GER-ch Youth-U12 2022"]
[Site "Willingen"]
[Date "2022.06.07"]
[Round "4.6"]
[White "Buchinger, Alexis"]
[Black "Sydykov Bayastan"]
[Result "1-0"]
[ECO "C10"]
[WhiteElo "1676"]
[BlackElo "1477"]
[Annotator "NA RC COMBH"]
[PlyCount "53"]
[EventDate "2022.06.05"]
[EventType "swiss"]
[EventRounds "9"]
[EventCountry "GER"]
[SourceTitle "playchess.com"]
[Source "ChessBase"]
[SourceQuality "1"]
[TimeControl "40/4500+30:900+30"]

1. e4 e6 2. d4 d5 3. Nc3 dxe4 4. Nxe4 Be7 5. Nf3 Nf6 6. Nxf6+ Bxf6 7. c3 O-O 8. Bd3 Nc6 9. Bf4 Qe7 10. O-O Rd8 11. Qc2 h6 12. Rad1 b6 13. Rfe1 Qd7 14. Ne5 Bxe5 15. dxe5 Qe8 16. Qe2 Ne7 17. Qe4 Ng6 18. Qxa8 Nxf4 19. Qe4 Ng6 20. h4 Bd7 21. Bc2 Bb5 22. Rxd8 Qxd8 23. Rd1 Qe8 24. Qd4 c5 25. Qd8 Nxe5 26. Qxe8+ Bxe8 27. Rd8 1-0

[Event "GER-ch Youth-U12 2022"]
[Site "Willingen"]
[Date "2022.06.07"]
[Round "4.7"]
[White "Kulkovets, Roman"]
[Black "Neuhoff, Laertes"]
[Result "1/2-1/2"]
[ECO "C54"]
[WhiteElo "1099"]
[BlackElo "1990"]
[Annotator "TA"]
[PlyCount "94"]
[EventDate "2022.06.05"]
[EventType "swiss"]
[EventRounds "9"]
[EventCountry "GER"]
[SourceTitle "playchess.com"]
[Source "ChessBase"]
[SourceQuality "1"]
[TimeControl "40/4500+30:900+30"]

1. e4 e5 2. Nf3 Nc6 3. Bc4 Bc5 4. c3 Nf6 5. d4 exd4 6. cxd4 Bb4+ 7. Bd2 Nxe4 8. Bxb4 Nxb4 9. Bxf7+ Kxf7 10. Qb3+ {[%emt 0:00:00] C54: Giuoco Piano: 4 c3 Nf6, main lines with 5 d4 and 5 d3.} Kf8 $1 {[%emt 0:00:00][%mdl 4] is more profitable than 10...d5 at the moment.} 11. Qxb4+ Qe7 $1 12. Qxe7+ Kxe7 13. O-O Kd8 14. Re1 Nf6 15. Nc3 h6 {[%emt 0:35:01] [#]} 16. Ne5 $146 {[%emt 0:00:00][%cal Re5f7] [#]} ({Predecessor:} 16. d5 d6 17. Nd4 Bd7 18. f3 Re8 19. Rad1 c6 20. Rxe8+ Kxe8 21. Ne4 Nxe4 22. fxe4 {0-1 (39) Loutragotis,D (2194)-Samaridis,K (2057) Nikaia 2017}) 16... Rf8 {[%emt 0:00:37] Against Nf7+} 17. Ng6 {[%emt 0:00:00] Pair of Knights!} Re8 18. Rxe8+ Nxe8 19. Re1 d6 20. Nd5 c6 21. Rxe8+ Kxe8 $11 {[%emt 0:00:48][%mdl 4096] Endgame KRB-KNN} 22. Nc7+ Kf7 23. Nh8+ Kg8 24. Nxa8 Kxh8 $15 {[%emt 0:00:25] KB-KN} 25. Nc7 Bd7 {[%emt 0:02:46] Inhibits Ne8.} 26. d5 g5 (26... Kg8 $17) 27. dxc6 (27. f4 $15) 27... bxc6 $17 28. Na6 c5 29. Nc7 Bc6 {[%emt 0:02:09] And now ...Kg7 would win.} 30. g3 (30. b4 $1 $15) 30... Kg7 31. b4 (31. f4 $17) 31... c4 ({Stronger than} 31... cxb4 32. Na6 $17) 32. Ne6+ Kf6 33. Nd4 {[%emt 0:00:00] [#]} Ba4 34. Ne2 $2 (34. f4 $17 {nothing else works.}) 34... d5 $2 (34... g4 $19 35. Nc3 Bd7) 35. Kf1 $2 (35. f4 $1 $11) 35... Ke5 $2 (35... g4 $19 36. Nc3 Bc6) 36. f4+ $11 gxf4 37. gxf4+ Kf5 {[%emt 0:00:23] ...Bd1 is the strong threat.} (37... Ke4 $5 38. Nc3+ Kd3 39. Nxa4 c3 40. Nxc3 Kxc3 $11) 38. Ke1 {[%emt 0:00:00] Prevents Bd1.} Be8 39. Kd2 Ke4 {[%emt 0:01:45] Threatens to win with ...d4.} 40. Nc3+ Kxf4 41. Nxd5+ Ke5 42. Ne3 Bf7 (42... Kf4 $11 {keeps the balance.} 43. Nxc4 h5) 43. Nc2 (43. Kc3 $16) 43... Be8 {[%emt 0:00:01] The position is equal.} 44. Ne3 Kf4 {[%emt 0:00:03][%cal Oc4c3] aiming for ...c3+!} 45. Nd5+ Kg5 46. Ne3 Kf4 {[%emt 0:00:46][%cal Oc4c3] Strongly threatening ...c3+!} 47. Nd5+ Ke5 {[%emt 0:00:09] Whites escaped into a draw.  Weighted Error Value: White=0.52/Black=0.33} 1/2-1/2

[Event "GER-ch Youth-U12 2022"]
[Site "Willingen"]
[Date "2022.06.07"]
[Round "4.9"]
[White "Blodig, Vincent"]
[Black "Polzin, Gustav"]
[Result "1-0"]
[ECO "B23"]
[WhiteElo "1461"]
[BlackElo "1643"]
[Annotator "NA RC COMBH"]
[PlyCount "43"]
[EventDate "2022.06.05"]
[EventType "swiss"]
[EventRounds "9"]
[EventCountry "GER"]
[SourceTitle "playchess.com"]
[Source "ChessBase"]
[SourceQuality "1"]
[TimeControl "40/4500+30:900+30"]

1. e4 c5 2. Nc3 Nc6 3. Nge2 e5 4. Nd5 g6 5. Nec3 a6 6. a4 b6 7. Bc4 Bg7 8. d3 Nd4 9. O-O Nh6 10. f4 d6 11. fxe5 Bg4 12. Qe1 dxe5 13. Bxh6 O-O 14. Bxg7 Kxg7 15. Qg3 b5 16. axb5 axb5 17. Rxa8 Qxa8 18. Qxe5+ f6 19. Nxf6 Nc6 20. Qc7+ Kh6 21. Qxh7+ Kg5 22. h4# 1-0

[Event "GER-ch Youth-U12 2022"]
[Site "Willingen"]
[Date "2022.06.07"]
[Round "4.10"]
[White "Wartenberg, Alexander"]
[Black "Mandalka, Justus"]
[Result "1-0"]
[ECO "B38"]
[WhiteElo "1682"]
[BlackElo "1402"]
[Annotator "NA RC COMBH"]
[PlyCount "135"]
[EventDate "2022.06.05"]
[EventType "swiss"]
[EventRounds "9"]
[EventCountry "GER"]
[SourceTitle "playchess.com"]
[Source "ChessBase"]
[SourceQuality "1"]
[TimeControl "40/4500+30:900+30"]

1. e4 c5 2. Nf3 Nc6 3. d4 cxd4 4. Nxd4 g6 5. c4 Bg7 6. Be3 Nf6 7. Nc3 d6 8. Be2 O-O 9. O-O Bd7 10. f3 Nxd4 11. Bxd4 a5 12. Nd5 Nxd5 13. cxd5 Rc8 14. Qd2 f5 15. Bxg7 Kxg7 16. Qd4+ Kg8 17. Bd3 Rc5 18. Rac1 Qc7 19. Rxc5 dxc5 20. Rc1 Rc8 21. Qc4 b5 22. d6+ bxc4 23. Bxc4+ e6 24. dxc7 Rxc7 25. e5 Kf7 26. Rd1 Ke7 27. f4 Rb7 28. b3 Rb6 29. g3 a4 30. Kf2 axb3 31. axb3 Rb7 32. Ra1 Bb5 33. Ra5 Bxc4 34. bxc4 Rc7 35. Ke3 Kd7 36. Kd3 Kc6 37. Ra6+ Kd7 38. Rd6+ Ke7 39. Kc3 h6 40. Rb6 Kd7 41. Kb3 Ra7 42. Rd6+ Ke7 43. Rc6 Ra5 44. Rc7+ Kf8 45. Rb7 Ra6 46. Rb5 Rc6 47. Ka4 g5 48. Ka5 gxf4 49. gxf4 Ke7 50. Rb7+ Kf8 51. Kb5 Rc8 52. Rb6 Kf7 53. Rc6 Rg8 54. Rc7+ Kg6 55. Kxc5 Kh5 56. Kd6 Kg4 57. c5 Kxf4 58. c6 Ke4 59. Rh7 f4 60. Rxh6 f3 61. Rf6 Ke3 62. c7 f2 63. Kd7 Rg7+ 64. Kc8 Rg5 65. Rxf2 Kxf2 66. Kb8 Rg8+ 67. c8=Q Rxc8+ 68. Kxc8 1-0

[Event "GER-ch Youth-U12 2022"]
[Site "Willingen"]
[Date "2022.06.07"]
[Round "4.11"]
[White "Mohammadzadeh, Daris"]
[Black "Lu, Yunong Elias"]
[Result "0-1"]
[ECO "C47"]
[WhiteElo "1371"]
[BlackElo "1671"]
[Annotator "NA RC COMBH"]
[PlyCount "104"]
[EventDate "2022.06.05"]
[EventType "swiss"]
[EventRounds "9"]
[EventCountry "GER"]
[SourceTitle "playchess.com"]
[Source "ChessBase"]
[SourceQuality "1"]
[TimeControl "40/4500+30:900+30"]

1. e4 e5 2. Nf3 Nc6 3. Nc3 Nf6 4. a3 d5 5. Bb5 Nxe4 6. Qe2 Qd6 7. Nxe4 dxe4 8. Qxe4 Bd7 9. d3 a6 10. Bc4 Be7 11. Bd2 h6 12. Bc3 f5 13. Qd5 O-O-O 14. Nxe5 Nxe5 15. Qxe5 Qb6 16. O-O-O Bf6 17. Qe1 Rhe8 18. Qd2 Bxc3 19. Qxc3 Qxf2 20. Qxg7 Re2 21. Bb3 Qxg2 22. Qxh6 Rde8 23. Qf4 Kb8 24. Qg3 Qc6 25. Rhe1 Qh6+ 26. Kb1 Rxe1 27. Rxe1 Rxe1+ 28. Qxe1 Qxh2 29. Qe7 Bc8 30. Qf8 Qe2 31. Bd5 Qe1+ 32. Ka2 Qe5 33. Bc4 f4 34. d4 Qe4 35. Qg8 f3 36. Bd5 Qe3 37. Qg3 Be6 38. c4 Bxd5 39. cxd5 Qe2 40. Qg8+ Ka7 41. Qf8 Qc4+ 42. Kb1 Qxd5 43. Qf4 a5 44. Qe3 Qf5+ 45. Ka2 f2 46. d5+ b6 47. Qg3 Qxd5+ 48. b3 Qd2+ 49. Kb1 f1=Q+ 50. Qe1 Qfd3+ 51. Ka1 Q3c3+ 52. Kb1 Qcb2# 0-1

[Event "GER-ch Youth-U12 2022"]
[Site "Willingen"]
[Date "2022.06.07"]
[Round "4.12"]
[White "Seth, Aakrit"]
[Black "Freude, Paul"]
[Result "0-1"]
[ECO "D02"]
[WhiteElo "1435"]
[BlackElo "1415"]
[Annotator "NA RC COMBH"]
[PlyCount "86"]
[EventDate "2022.06.05"]
[EventType "swiss"]
[EventRounds "9"]
[EventCountry "GER"]
[SourceTitle "playchess.com"]
[Source "ChessBase"]
[SourceQuality "1"]
[TimeControl "40/4500+30:900+30"]

1. d4 d5 2. Bf4 Nf6 3. e3 c5 4. c3 Nc6 5. Nf3 Qb6 6. Qc2 Bf5 7. dxc5 Bxc2 8. cxb6 axb6 9. Nbd2 h6 10. Bb5 Nd7 11. O-O g5 12. Bg3 Bg7 13. Nd4 Nxd4 14. exd4 Ba4 15. Bd3 O-O 16. Rfe1 Rfe8 17. Re2 Bc6 18. a3 e5 19. dxe5 Bxe5 20. Rae1 Nc5 21. Rxe5 Rxe5 22. Bh7+ Kxh7 23. Rxe5 Nd3 24. Re7 Kg8 25. Bd6 Nxb2 26. Kf1 Nd3 27. c4 Nc5 28. cxd5 Bxd5 29. Re3 Be6 30. Bc7 b5 31. Re5 b6 32. Re3 Nd7 33. Ne4 Rc8 34. Bd6 Bc4+ 35. Ke1 f5 36. Nd2 Nf6 37. Nxc4 bxc4 38. Be5 Nd5 39. Re2 c3 40. Kd1 Ra8 41. Bd6 Rd8 42. Re6 Nf4 43. Rxh6 Kg7 0-1

[Event "GER-ch Youth-U12 2022"]
[Site "Willingen"]
[Date "2022.06.07"]
[Round "4.13"]
[White "Wylie, Leonard"]
[Black "Herrmann, Jakob"]
[Result "1-0"]
[ECO "B12"]
[WhiteElo "1733"]
[BlackElo "1737"]
[Annotator "NA RC COMBH"]
[PlyCount "69"]
[EventDate "2022.06.05"]
[EventType "swiss"]
[EventRounds "9"]
[EventCountry "GER"]
[SourceTitle "playchess.com"]
[Source "ChessBase"]
[SourceQuality "1"]
[TimeControl "40/4500+30:900+30"]

1. e4 c6 2. d4 d5 3. e5 Bf5 4. h4 Qb6 5. Nc3 Na6 6. Bxa6 Qxa6 7. Nge2 Bg4 8. f3 Bd7 9. Bg5 e6 10. Qd2 c5 11. h5 h6 12. Bh4 c4 13. f4 Ne7 14. g4 b5 15. f5 b4 16. fxe6 Bxe6 17. Nd1 Bxg4 18. Ne3 Bxe2 19. Qxe2 Qe6 20. Qg2 O-O-O 21. Kd2 Kb8 22. c3 Rg8 23. cxb4 Rd7 24. a3 Nf5 25. Nxf5 Qxf5 26. Qh3 Qf4+ 27. Kc3 Qe4 28. Rae1 Qh7 29. e6 fxe6 30. Rxe6 Bd6 31. Rg6 Kc7 32. Re1 Rf8 33. Ree6 Qg8 34. Rxd6 Rxd6 35. Qg3 1-0

[Event "GER-ch Youth-U12 2022"]
[Site "Willingen"]
[Date "2022.06.07"]
[Round "4.14"]
[White "Büchel, David"]
[Black "Nemitz, Alfred"]
[Result "0-1"]
[ECO "C54"]
[WhiteElo "1527"]
[BlackElo "1611"]
[Annotator "NA RC COMBH"]
[PlyCount "116"]
[EventDate "2022.06.05"]
[EventType "swiss"]
[EventRounds "9"]
[EventCountry "GER"]
[SourceTitle "playchess.com"]
[Source "ChessBase"]
[SourceQuality "1"]
[TimeControl "40/4500+30:900+30"]

1. e4 e5 2. Bc4 Nc6 3. d3 Bc5 4. Nf3 Nf6 5. c3 a6 6. O-O d6 7. Bb3 h6 8. Nbd2 O-O 9. Re1 Be6 10. Bc2 Ng4 11. Re2 f5 12. h3 Bxf2+ 13. Rxf2 Ne3 14. Qe2 Nxc2 15. Rb1 f4 16. Nb3 Ne3 17. Bxe3 fxe3 18. Qxe3 a5 19. Rbf1 a4 20. Nc1 Qe7 21. d4 Bc4 22. Rd1 exd4 23. cxd4 Rae8 24. d5 Ne5 25. Nd4 Rxf2 26. Qxf2 Ba6 27. Ne6 c5 28. Rd2 b5 29. Ne2 Bc8 30. N2f4 Kh8 31. Qf1 g5 32. Nd3 Nxd3 33. Rxd3 Bxe6 34. dxe6 Qxe6 35. Rf3 Kg7 36. Qxb5 Qxe4 37. Qd7+ Qe7 38. Qxa4 Qe1+ 39. Kh2 Qe5+ 40. Kg1 Re7 41. Qb3 d5 42. Qc2 Qd4+ 43. Kh2 Re4 44. Qc3 c4 45. Kg3 h5 46. Qxd4+ Rxd4 47. b3 h4+ 48. Kh2 Rd3 49. Rf1 c3 50. b4 Rd4 51. Rc1 Rc4 52. Kg1 d4 53. Kf2 d3 54. Ke3 d2 55. Rf1 Rd4 56. Kxd4 c2 57. a4 d1=Q+ 58. Kc5 c1=Q+ 0-1

[Event "GER-ch Youth-U12 2022"]
[Site "Willingen"]
[Date "2022.06.07"]
[Round "4.15"]
[White "Bangert, Jonas"]
[Black "Skembris, Simon Max"]
[Result "0-1"]
[ECO "A38"]
[WhiteElo "1483"]
[BlackElo "1413"]
[Annotator "NA RC COMBH"]
[PlyCount "52"]
[EventDate "2022.06.05"]
[EventType "swiss"]
[EventRounds "9"]
[EventCountry "GER"]
[SourceTitle "playchess.com"]
[Source "ChessBase"]
[SourceQuality "1"]
[TimeControl "40/4500+30:900+30"]

1. c4 c5 2. g3 g6 3. Bg2 Bg7 4. Nf3 Nc6 5. Nc3 Nf6 6. O-O d6 7. d3 O-O 8. a3 Be6 9. Rb1 Rc8 10. Bd2 h6 11. b4 b6 12. b5 Nb8 13. Qa4 d5 14. h4 d4 15. Nd1 Nbd7 16. Ne1 Bg4 17. f3 Be6 18. g4 Qc7 19. Nf2 Qg3 20. Nh3 Qxh4 21. Nc2 Nh5 22. Be1 Ng3 23. Nf4 Be5 24. Bxg3 Qxg3 25. Nxe6 Qh2+ 26. Kf2 Bg3# 0-1

[Event "GER-ch Youth-U12 2022"]
[Site "Willingen"]
[Date "2022.06.07"]
[Round "4.16"]
[White "Uyar, Levin"]
[Black "Goldkuhle, Collin"]
[Result "1-0"]
[ECO "B38"]
[WhiteElo "1306"]
[BlackElo "1323"]
[Annotator "NA RC COMBH"]
[PlyCount "100"]
[EventDate "2022.06.05"]
[EventType "swiss"]
[EventRounds "9"]
[EventCountry "GER"]
[SourceTitle "playchess.com"]
[Source "ChessBase"]
[SourceQuality "1"]
[TimeControl "40/4500+30:900+30"]

1. e4 c5 2. Nf3 Nc6 3. d4 cxd4 4. Nxd4 g6 5. c4 Nf6 6. Nc3 Bg7 7. Be3 O-O 8. Be2 d6 9. O-O Bd7 10. h3 Qc8 11. Rc1 Ne5 12. Nd5 Qd8 13. f4 Nc6 14. Bf3 Rc8 15. b3 Ne8 16. Nb5 b6 17. Qd2 Be6 18. Qf2 Qd7 19. Rfd1 f6 20. Be2 Na5 21. b4 Nc6 22. a3 Qb7 23. Rb1 Bxd5 24. exd5 Nb8 25. Nd4 Nc7 26. Bf3 Qa6 27. Qa2 Rfe8 28. Re1 f5 29. Kh1 Nd7 30. b5 Qb7 31. Nc6 Bf6 32. Re2 Nc5 33. Qd2 Kf7 34. Rbe1 Na4 35. Bd4 Bh4 36. Bf2 Bf6 37. Bd4 Bh4 38. Rg1 Nc5 39. Qc2 e6 40. dxe6+ Kf8 41. e7+ Kg8 42. g3 N7e6 43. Bxc5 Bxe7 44. Rxe6 Qd7 45. Nxe7+ Rxe7 46. Rxe7 Qxe7 47. Bd5+ Kf8 48. Qc3 Qc7 49. Qf6+ Ke8 50. Re1+ Kd7 1-0

[Event "GER-ch Youth-U12 2022"]
[Site "Willingen"]
[Date "2022.06.07"]
[Round "4.17"]
[White "Aweh, Mads"]
[Black "Limmer, Marco"]
[Result "1-0"]
[ECO "C11"]
[WhiteElo "1438"]
[BlackElo "1825"]
[Annotator "NA RC COMBH"]
[PlyCount "39"]
[EventDate "2022.06.05"]
[EventType "swiss"]
[EventRounds "9"]
[EventCountry "GER"]
[SourceTitle "playchess.com"]
[Source "ChessBase"]
[SourceQuality "1"]
[TimeControl "40/4500+30:900+30"]

1. e4 e6 2. d4 d5 3. Nc3 Nf6 4. e5 Nfd7 5. f4 c5 6. Nf3 Nc6 7. Be3 cxd4 8. Nxd4 Qb6 9. Qd2 Qxb2 10. Rb1 Qa3 11. Ncb5 Qxa2 12. Rc1 Bb4 13. c3 Qxd2+ 14. Kxd2 Ba5 15. Ra1 Bd8 16. Nd6+ Ke7 17. Nxc6+ bxc6 18. Rxa7 Rb8 19. Bc5 Rb2+ 20. Kc1 1-0